[Event "Late-Titled-Tuesday-Blitz-June-25-2024"]
[Site "Chess.com"]
[Date "2024.06.25"]
[Round "4"]
[White "Onthequiet"]
[Black "OIAM03"]
[Result "1-0"]
[WhiteElo "2312"]
[BlackElo "1969"]
[TimeControl "180+1"]
[EndTime "14:38:51 PDT"]
[Termination "Onthequiet won on time"]

1. d4 Nf6 2. Nf3 g6 3. Bg5 Bg7 4. Nbd2 O-O 5. c3 d5 6. e3 c5 7. dxc5 Nc6 8. b4 e5 9. Be2 d4 10. Nxe5 Nxe5 11. exd4 Nc6 12. O-O a6 13. Nc4 Qc7 14. Bh4 Ne4 15. Bg3 Nxg3 16. hxg3 Be6 17. Nb6 Rad8 18. Qd2 Nxb4 19. cxb4 Bxd4 20. Qh6 Bxa1 21.
Rxa1 Qe5 22. Re1 Bg4 23. Qe3 Qxe3 24. fxe3 Bxe2 25. Rxe2 Rd1+ 26. Kf2 Rfd8 27. Nc4 Rc1 28. Nd6 b6 29. Ne4 bxc5 30. Nxc5 Rdd1 31. g4 Rf1+ 32. Kg3 Rce1 33. Rxe1 Rxe1 34. Kf3 Ra1 35. a4 Ra2 36. a5 Rb2 37. Nxa6 Kf8 38. g5 Ke7 39. g4 Kd6 40. Nc5 Rxb4 41. Ne4+ Kc6 42. Nf6 Ra4 43. Nxh7 Rxa5 44. Kf4 Kd6 45. Nf6 Ke6 46. e4 Ra4 47. Nd5 Ra1 48. Ne3 Re1 49. Nc4 Rf1+ 50. Kg3 f6 51.
gxf6 Kxf6 52. Nd2 Rd1 53. Nf3 Rd3 54. Kf4 g5+ 55. Nxg5 Rd4 56. Nf3 Rd3 57. Ne5 Rd1 58. g5+ Ke6 59. Ng4 Rf1+ 60. Kg3 Rg1+ 61. Kf3 Rf1+ 62.
Nf2 Rg1 63. Nh3 Rf1+ 64. Kg4 Re1 65. Nf2 Rg1+ 66. Kf3 Rxg5 67. Nd3 Rh5 68. Ke3 Rh3+ 69. Kd4 1-0

[Event "Late-Titled-Tuesday-Blitz-June-25-2024"]
[Site "Chess.com"]
[Date "2024.06.25"]
[Round "4"]
[White "Nf3c5"]
[Black "wonderfultime"]
[Result "0-1"]
[WhiteElo "2636"]
[BlackElo "3049"]
[TimeControl "180+1"]
[EndTime "14:38:52 PDT"]
[Termination "wonderfultime won by resignation"]

1. Nf3 d5 2. g3 Nd7 3. d4 Ngf6 4. Bg2 Nb6 5. O-O Bf5 6. Nc3 h6 7. a4 a5 8. Ne5 e6 9. f3 Be7 10. e4 Bh7 11. Be3 O-O 12. Qe2 Nfd7 13. Nd3 c6 14. b3 Rc8 15. Rad1 Qc7 16. Kh1 Rfe8 17. Bf4 Bd6 18. Bxd6 Qxd6 19. e5 Qe7 20. f4 f6 21.
Qe3 Na8 22. g4 Nc7 23. Rde1 Rf8 24. h3 Rce8 25. Kh2 fxe5 26. fxe5 Na6 27. Ne2 Nb4 28. Nxb4 Qxb4 29. Rc1 Rxf1 30. Bxf1 Rf8 31. Bg2 Rf7 32. Kg3 b6 33. Qc3 c5 34. Qxb4 axb4 35. Nf4 Nf8 36. Nxd5 cxd4 37. Nxb6 Rc7 38. Nc4 Nd7 39.
a5 Nc5 40. Bf1 g5 41. Be2 Rf7 42. Bf3 d3 43. cxd3 Nxb3 44. Rd1 Nd4 45. Be4 b3 46. a6 Ra7 47. Bb7 Ne2+ 48. Kf2 Nc3 49. Re1 Bxd3 50. Nd6 b2 51. Nc8 Rxa6 52. Bxa6 Bxa6 53. Ne7+ Kf7 54. Nc6 b1=Q 55. Rxb1 Nxb1 56. Nd4 Bc4 57. Nc2 Nc3 58. Ne3 Bb3 59. Kg3 Ne2+ 60. Kf2 Nf4 61. Kg3 Nd3 62. h4 Nxe5 63. hxg5 hxg5 64. Nf1 Bd1 65. Ne3 Bxg4 66. Nc2 Bf5 67. Nd4 Kf6 68. Ne2 Ng6 69. Nd4 Nf4 70. Nf3 e5 71. Nd2 e4 72.
Nc4 Nd5 73. Nd6 e3 74. Kf3 Bd3 75. Nb7 e2 76. Kf2 Nf4 77. Nc5 Kf5 78. Nb3 Ng2 79.
Nd4+ Ke4 80. Nf3 e1=Q+ 81. Nxe1 Nxe1 82. Kxe1 Ke3 83. Kd1 g4 84. Ke1 g3 85. Kd1 g2 0-1

[Event "Late-Titled-Tuesday-Blitz-June-25-2024"]
[Site "Chess.com"]
[Date "2024.06.25"]
[Round "4"]
[White "Tonychess32"]
[Black "klercaku"]
[Result "1-0"]
[WhiteElo "2545"]
[BlackElo "2312"]
[TimeControl "180+1"]
[EndTime "14:38:54 PDT"]
[Termination "Tonychess32 won by resignation"]

1. e4 e5 2. Bc4 Nc6 3. d3 Nf6 4. Nf3 d5 5. exd5 Nxd5 6. O-O Be7 7. Re1 Qd6 8. a3 O-O 9. h3 Be6 10. Nbd2 Nb6 11. Bxe6 Qxe6 12. b4 f5 13. Bb2 Bf6 14. b5 Na4 15. bxc6 Nxb2 16. Qb1 Na4 17. Qxb7 Rfc8 18.
Rab1 Qd5 19. Qb3 Qxb3 20. Rxb3 Nb6 21. Nxe5 Re8 22. Ndf3 Re6 23. d4 Rae8 24. Rb5 g5 25.
g4 fxg4 26. hxg4 h5 27. Rd1 hxg4 28. Nxg4 Rxc6 29. Nxf6+ Rxf6 30. Rxg5+ Kh7 31. Ne5 Rg8 32. Rxg8 Kxg8 33. Rd3 Kf8 34. Kg2 Ke7 35. Kg3 Ke6 36. c4 Rf8 37. f4 Rg8+ 38. Kf3 Rf8 39. d5+ Kd6 40. c5+ Kxc5 41. Ke4 Kd6 42. Rd4 Re8 43. a4 Nd7 44. Kf5 Nxe5 45. fxe5+ Rxe5+ 46. Kf4 Rxd5 47. Rb4 c5 48. Rb7 Rd4+ 49. Ke3 Rxa4 50. Kd3 Kc6 51. Rb8 Rb4 52. Ra8 Rb7 53. Kc4 Rb4+ 54. Kc3 Kb7 55.
Rf8 Kb6 56. Rf7 a5 57. Rf8 Rb5 58. Rb8+ Kc6 59. Rc8+ Kb7 60. Rf8 Rb6 61. Kc4 Rc6 62. Kb5 c4 63. Kxa5 c3 64. Rf1 c2 65. Rc1 Rc4 66. Kb5 Rc8 67. Kb4 Kb6 68. Kb3 Kb5 69.
Rxc2 Rh8 70. Rc3 Rh4 71. Rg3 Rb4+ 72. Kc3 Rc4+ 73. Kd3 Rc5 74. Rg8 Rc6 75. Kd4 Rd6+ 76.
Kc3 Rc6+ 77. Kb3 Rf6 78. Rb8+ Kc6 79. Rc8+ Kd7 80. Rh8 Rf3+ 81. Kc4 Rf7 82. Kd5 Re7 83. Ra8 Rg7 84. Ra7+ 1-0

[Event "Late-Titled-Tuesday-Blitz-June-25-2024"]
[Site "Chess.com"]
[Date "2024.06.25"]
[Round "4"]
[White "AGW2016"]
[Black "SaraBlackPanther"]
[Result "0-1"]
[WhiteElo "2548"]
[BlackElo "2739"]
[TimeControl "180+1"]
[EndTime "14:38:56 PDT"]
[Termination "SaraBlackPanther won by resignation"]

1. d4 Nf6 2. Nf3 g6 3. c4 Bg7 4.
Nc3 O-O 5. e4 d6 6. Be2 e5 7.
O-O h6 8. Re1 Nbd7 9. Bf1 Re8 10. h3 exd4 11. Nxd4 Nc5 12. f3 c6 13. Be3 a5 14. Qd2 Kh7 15. Rad1 Qc7 16. Nc2 Bf8 17.
Bf4 Qb6 18. Kh2 Ne6 19. Be3 Qc7 20. Kg1 a4 21. b4 axb3 22. axb3 Nh5 23. Nd4 Qe7 24.
Nce2 Nc5 25. b4 Ne6 26. Nxe6 Bxe6 27. Nf4 Nxf4 28. Bxf4 Red8 29. Kh2 Qf6 30. Bg3 h5 31. h4 Bh6 32. Qf2 Ra4 33. Rxd6 Rxb4 34. c5 Bf4 35. Bxf4 Qxf4+ 36. Qg3 Qxg3+ 37. Kxg3 Ra8 38. f4 Ra5 39. f5 gxf5 40. exf5 Bxf5 41. Re5 Bg6 42. Be2 Ra3+ 43. Bf3 Kg7 44. Rd7 Rab3 45. Ree7 Rb5 46.
Rc7 Kf6 47. Red7 Rxc5 48. Rxb7 Rxb7 49. Rxb7 Rc3 50. Rc7 Be4 51. Kf4 Bxf3 52. gxf3 Rc4+ 53. Kg3 c5 54. Kh3 Rc3 55. Kg3 Rc4 56. Kh3 Rc1 57. Kg3 c4 58. Rc5 c3 59. Kg2 c2 60. Kh2 Ke6 61. Kg2 Kd6 62. Rc3 Ke5 63. Rc8 Kf4 64. Rc4+ Ke3 65. Rc7 f5 66. Re7+ Kf4 67. Rc7 Ke3 68.
Re7+ Kd4 69. Rc7 Kd3 70. Rd7+ Ke3 71. Rc7 Re1 72. Rxc2 Re2+ 73. Rxe2+ Kxe2 74. Kg3 Ke3 75. Kg2 f4 76. Kg1 Kxf3 77. Kh2 Kg4 0-1

[Event "Late-Titled-Tuesday-Blitz-June-25-2024"]
[Site "Chess.com"]
[Date "2024.06.25"]
[Round "4"]
[White "simaopdias"]
[Black "PapaieDudu"]
[Result "0-1"]
[WhiteElo "2236"]
[BlackElo "2462"]
[TimeControl "180+1"]
[EndTime "14:38:58 PDT"]
[Termination "PapaieDudu won by resignation"]

1. e4 c5 2. Nf3 d6 3. d4 cxd4 4.
Nxd4 Nf6 5. Nc3 a6 6. Be2 e6 7. Be3 Be7 8. Qd2 O-O 9. a4 b6 10. f4 Qc7 11. Bf3 Bb7 12. O-O Rd8 13. Qf2 Nbd7 14.
Nb3 Nc5 15. Nxc5 bxc5 16. g4 d5 17. exd5 exd5 18. g5 d4 19. gxf6 dxe3 20. Qxe3 Bxf6 21. Kh1 Bd4 22. Qe2 Re8 23. Qg2 Bxf3 24. Rxf3 Rab8 25.
b3 Qa5 26. Qg3 c4 27. bxc4 Rb4 28. Rd1 Rxc4 29. Rdd3 Bxc3 30. Rxc3 Rxc3 31. Rxc3 Qxa4 32.
Kg2 a5 33. f5 Qe4+ 34. Qf3 Qxf3+ 35. Kxf3 Ra8 36. Ke4 a4 37. Ra3 Kf8 38. c4 Ke7 39. c5 Kd7 40. Kd5 Kc7 41. h3 h6 42. h4 h5 43. f6 g6 44. Kd4 Kc6 45. Kc4 Ra5 46. Kb4 Ra8 47. Kc4 Ra5 48. Kb4 Rxc5 49. Kxa4 Rf5 50.
Rc3+ Kd6 51. Re3 Rxf6 52. Re4 Rf5 53. Kb4 f6 54. Kc4 g5 55. hxg5 fxg5 56. Re8 Rf4+ 57. Kd3 Rf7 58. Rh8 h4 59. Ke4 Rf4+ 60. Ke3 Ke5 61.
Re8+ Kf5 62. Rf8+ Kg4 63. Rh8 h3 64. Rh7 Kg3 65. Rh5 g4 66. Rg5 Rf3+ 67. Ke2 h2 68. Rh5 Kg2 69. Ke1 g3 70. Ke2 Rf2+ 0-1

[Event "Late-Titled-Tuesday-Blitz-June-25-2024"]
[Site "Chess.com"]
[Date "2024.06.25"]
[Round "4"]
[White "Crasyhealer"]
[Black "LidongW"]
[Result "1-0"]
[WhiteElo "2508"]
[BlackElo "2337"]
[TimeControl "180+1"]
[EndTime "14:39:07 PDT"]
[Termination "Crasyhealer won on time"]

1. d4 Nf6 2. c4 c5 3. d5 d6 4. Nf3 g6 5. Nc3 Bg7 6. e4 O-O 7. a4 e6 8. Bd3 exd5 9. exd5 Bg4 10. O-O a6 11. h3 Bxf3 12. Qxf3 Nbd7 13. Bf4 Ne8 14. Qg3 Ne5 15. Be2 f5 16. h4 b6 17. h5 Ra7 18. a5 Re7 19. hxg6 hxg6 20. Bg5 Nf6 21. Bxf6 Rxf6 22. f4 Nd7 23. Bd3 Nf8 24.
Rfe1 Rff7 25. Kf1 bxa5 26. Bc2 Bd4 27. Rxe7 Qxe7 28. Re1 Qb7 29. Re8 Kg7 30. b3 Qb4 31. Ne2 Bf6 32. Bxf5 Qd2 33. Be6 Qd1+ 34. Qe1 Qxe1+ 35.
Kxe1 Rb7 36. Nc1 Bb2 37. Nd3 Rxb3 38. Re7+ Kh6 39. Nf2 Bc3+ 40. Kd1 Rb1+ 41. Ke2 Rb2+ 42. Kf3 Bd4 43. Ng4+ Kh5 44. Rf7 Rb3+ 45. Ke2 Rb2+ 46. Kd1 Rxg2 47. Nf6+ Bxf6 48. Rxf6 Nh7 49. Rf7 Kh6 50.
Bd7 Ra2 51. Re7 a4 52. Re6 a3 53. Rxd6 Rf2 54. Rxa6 a2 55. Ke1 Rh2 56. d6 a1=Q+ 57. Rxa1 Rh1+ 58. Kd2 Rxa1 59. Bc8 Nf6 60. d7 Nxd7 61.
Bxd7 Ra7 62. Be6 Re7 63. f5 g5 64. Ke3 Kg7 65. Kf3 Kf6 66. Kg4 Ra7 67. Bd5 Ra1 68. Be6 Rg1+ 69. Kf3 Rf1+ 70. Ke4 Re1+ 71. Kd5 g4 72. Kxc5 g3 73. Bd5 Kxf5 74. Kb6 Kg4 75. c5 Re2 76. c6 g2 77. Bxg2 Rxg2 78. c7 Rc2 79. Kb7 Rb2+ 80. Kc8 Kf5 81. Kd8 Rd2+ 82. Ke7 Rb2 83. c8=Q+ 1-0

[Event "Late-Titled-Tuesday-Blitz-June-25-2024"]
[Site "Chess.com"]
[Date "2024.06.25"]
[Round "4"]
[White "MyDream003"]
[Black "zajka-molotok"]
[Result "1/2-1/2"]
[WhiteElo "2778"]
[BlackElo "2544"]
[TimeControl "180+1"]
[EndTime "14:39:43 PDT"]
[Termination "Game drawn by stalemate"]

1. e4 c5 2. Nf3 d6 3. d4 cxd4 4.
Nxd4 Nf6 5. Nc3 a6 6. f3 e6 7. Be3 b5 8. Qd2 Nbd7 9. Bd3 Nb6 10. a3 Bb7 11. O-O Rc8 12. Kh1 Be7 13. Nb3 Nc4 14. Bxc4 Rxc4 15. Qf2 Nd7 16. Rac1 O-O 17. Ne2 Qc7 18. c3 d5 19. Nd2 Ra4 20. exd5 Bxd5 21.
Nd4 Nc5 22. Qe2 Bd6 23. Bg1 Bf4 24. Rcd1 h6 25. h3 Nd7 26. Rfe1 Nf6 27. Nf1 Bc4 28. Qf2 Nh5 29. Ne2 Bd6 30. g4 Nf6 31. Bh2 Bxh2 32.
Qxh2 Qb7 33. Qf2 Bd5 34. Ng1 Rc8 35. Re3 Rac4 36. Ng3 a5 37. Kh2 b4 38. axb4 axb4 39.
N1e2 bxc3 40. bxc3 Qb8 41. Kg2 R4c6 42. Kg1 Bc4 43.
Nd4 Rb6 44. Rd2 Nd5 45. Re1 Nxc3 46. Kh2 Nd5 47. Rc1 Rb1 48. Rdc2 Rxc1 49. Rxc1 Nf4 50. Rc2 Bd5 51. Rxc8+ Qxc8 52. Nge2 Ng6 53. h4 Qb8+ 54. Kg2 Qb2 55. h5 Ne5 56. Kg3 Nd3 57.
Qe3 Qb1 58. Nf4 Nxf4 59. Kxf4 Qb8+ 60. Qe5 Qxe5+ 61. Kxe5 f6+ 62. Kd6 Kf7 63. f4 Ba2 64. f5 e5 65. Nf3 Bb1 66. Kc5 Bc2 67. Nh2 Bd1 68. Kd5 Ke7 69. Ke4 Kd6 70. Ke3 Kd5 71. Kd3 e4+ 72. Ke3 Ke5 73. Kd2 Bf3 74. Ke3 Bd1 75. Kd2 Bxg4 76. Nxg4+ Kxf5 77. Nf2 Kf4 78. Ke2 f5 79. Nd1 Kg5 80. Ne3 f4 81. Nd5 f3+ 82. Ke3 Kxh5 83. Kxe4 f2 84. Ne3 Kh4 85. Kf3 g5 86. Kxf2 g4 87. Nf5+ Kg5 88. Ne3 h5 89.
Kg2 h4 90. Nxg4 Kxg4 91. Kh2 h3 92. Kh1 Kg3 93. Kg1 h2+ 94. Kh1 Kh3 1/2-1/2

[Event "Late-Titled-Tuesday-Blitz-June-25-2024"]
[Site "Chess.com"]
[Date "2024.06.25"]
[Round "4"]
[White "Meri-Arabidze"]
[Black "Danito1954"]
[Result "1-0"]
[WhiteElo "2696"]
[BlackElo "2489"]
[TimeControl "180+1"]
[EndTime "14:39:46 PDT"]
[Termination "Meri-Arabidze won by resignation"]

1. c4 e5 2. Nc3 Bb4 3. g3 Bxc3 4.
bxc3 Nf6 5. Bg2 O-O 6. d3 c6 7. e4 d5 8. cxd5 cxd5 9. exd5 Nxd5 10. Ne2 Nc6 11. O-O Bf5 12. Re1 Qd7 13. Bb2 Rad8 14.
d4 Nb6 15. Ba3 Rfe8 16. Bc5 Bg4 17. Bxb6 axb6 18. d5 Na5 19. Qb1 Qc7 20. Qb4 Nc4 21. a4 Qc5 22. h3 Bxe2 23. Rxe2 Qxb4 24. cxb4 Nd6 25. a5 bxa5 26. bxa5 f6 27. Rb2 Re7 28. g4 Kf7 29. Rb6 Rc7 30. Rab1 Ke7 31. a6 bxa6 32.
Rxa6 Rdc8 33. Rc6 Rxc6 34. dxc6 Rc7 35. Rb4 Nf7 36. Rb7 Kd6 37. Rb8 Ke7 38. h4 Nd8 39.
Rb6 Kd6 40. Be4 h6 41. Kg2 Nxc6 42. Kg3 Kc5 43. Ra6 Nd4 44. Ra8 Kd6 45. Rd8+ Ke7 46. Rg8 Kd6 47. Rd8+ Rd7 48. Rg8 Ra7 49. Rd8+ Ke7 50.
Rg8 Ra3+ 51. f3 g5 52. h5 Ra2 53. Rg7+ Kd6 54. Rh7 Ne2+ 55. Kf2 Nc3+ 56. Kf1 Nxe4 57. fxe4 Ra4 58. Rxh6 Ke6 59. Kf2 Rxe4 60. Kf3 Rf4+ 61. Kg3 Ra4 62. Rh8 Ra3+ 63. Kf2 Kf7 64. Rh7+ Ke6 65. Rh8 Rh3 66. Re8+ Kf7 67. Ra8 e4 68. Ra7+ Ke6 69. Ra5 Rf3+ 70. Kg2 Rf4 71. Kg3 e3 72. Ra3 Re4 73. Ra1 Ke5 74. Re1 Kd4 75. h6 Re7 76.
Kf3 Rh7 77. Rd1+ Ke5 78. Rh1 Kd4 79. Rd1+ Kc3 80. Kxe3 Rxh6 81. Ke4 Rh3 82. Rf1 Rh6 83. Kf5 Kd4 84. Re1 Kd5 85. Re6 Rh1 86. Rxf6 Re1 87.
Kxg5 Ke5 88. Rf8 Ra1 89. Re8+ Kd6 90. Re2 Rg1 91. Kf5 Kd7 92. g5 Kd6 93. Kf6 Rf1+ 94.
Kg7 Rg1 95. g6 Kd7 96. Kf7 Rf1+ 97. Kg8 Rf2 98. Rxf2 1-0

[Event "Late-Titled-Tuesday-Blitz-June-25-2024"]
[Site "Chess.com"]
[Date "2024.06.25"]
[Round "4"]
[White "Flaccidmoves"]
[Black "SujanaLohani"]
[Result "1/2-1/2"]
[WhiteElo "2534"]
[BlackElo "2297"]
[TimeControl "180+1"]
[EndTime "14:40:03 PDT"]
[Termination "Game drawn by repetition"]

1. e4 c5 2. a3 Nf6 3. e5 Nd5 4. b4 e6 5. bxc5 Bxc5 6. d4 Be7 7. Nf3 Nc6 8. Bd3 d6 9. c4 Nc7 10. exd6 Bxd6 11. O-O h6 12. Bb2 O-O 13. Qe2 Ne8 14.
d5 exd5 15. cxd5 Ne7 16. Nc3 Bg4 17. h3 Bh5 18. Rad1 Nf6 19. Bb1 Re8 20. Qd3 Bg6 21. Qd4 Nf5 22. Qd2 Rc8 23. Rfe1 Qa5 24. Ne4 Qxd2 25.
Nxf6+ gxf6 26. Nxd2 Rxe1+ 27. Rxe1 Be5 28. Bxe5 fxe5 29.
Bxf5 Bxf5 30. Rxe5 Bg6 31. f4 Rc3 32. f5 f6 33. Re7 Bxf5 34. Rxb7 Rxa3 35. Nf3 Rd3 36.
Rxa7 Rxd5 37. Kh2 Be4 38. Nh4 Rd3 39. g4 Rd5 40. Re7 Bh7 41. Kg3 h5 42. Nf3 hxg4 43. hxg4 Bg6 44. Nh4 Bh7 45. Nf3 Rd3 46. Kf4 Rd5 47.
Ra7 Bg6 48. Ra6 Kg7 49. Ra7+ Bf7 50. Rc7 Kg8 51. Nh4 Be6 52. Nf5 Bxf5 53. gxf5 Kf8 54. Kg4 Re5 55. Rh7 Kg8 56. Rd7 Kf8 57. Rd1 Kg8 58. Kf4 Kf7 59. Rh1 Ra5 60. Rh7+ Kg8 61. Re7 Kf8 62. Rb7 Ra4+ 63. Kg3 Re4 64. Ra7 Re5 65.
Kg4 Rb5 66. Rc7 Rd5 67. Rc6 Kg7 68. Rc4 Re5 69. Rf4 Rd5 70. Rf1 Re5 71. Kf4 Rd5 72. Rh1 Rd4+ 73. Ke3 Rd5 74. Ke4 Re5+ 75. Kf4 Ra5 76.
Rg1+ Kf7 77. Kg4 Ra4+ 78. Kh5 Rf4 79. Ra1 Rxf5+ 80. Kg4 Re5 81. Ra6 Kg6 82. Rb6 Rc5 83.
Ra6 Rc4+ 84. Kg3 Kg5 85. Ra3 f5 86. Kf3 Rh4 87. Kg3 f4+ 88. Kg2 Kg4 89. Ra8 f3+ 90.
Kg1 Kg3 91. Rf8 Rg4 92. Rf7 Rh4 93. Rg7+ Rg4 94. Rf7 Rf4 95. Rxf4 Kxf4 96. Kf2 Kg4 97. Kf1 Kg3 98. Kg1 Kg4 99. Kf2 Kf4 100. Kf1 Ke3 101. Ke1 Ke4 102. Kf2 Kf4 103. Kf1 Ke3 104. Ke1 Ke4 105. Kf2 Kf4 1/2-1/2

[Event "Late-Titled-Tuesday-Blitz-June-25-2024"]
[Site "Chess.com"]
[Date "2024.06.25"]
[Round "4"]
[White "Azeryahu"]
[Black "DenLaz"]
[Result "0-1"]
[WhiteElo "2868"]
[BlackElo "3124"]
[TimeControl "180+1"]
[EndTime "14:40:08 PDT"]
[Termination "DenLaz won by resignation"]

1. e4 c5 2. Nf3 e6 3. c4 Nc6 4.
d4 cxd4 5. Nxd4 Qb6 6. Nc2 Nf6 7. Nc3 Bc5 8. Qd2 Ng4 9. f3 Nf2 10. Na4 Qc7 11. Nxc5 Nxh1 12. g3 Ne5 13. Qe3 O-O 14. b3 b5 15. Bb2 bxc4 16. O-O-O cxb3 17. axb3 d6 18. Bxe5 dxe5 19. Bc4 a5 20. Kb2 Nxg3 21. hxg3 Rd8 22. Rxd8+ Qxd8 23. Qd3 Qe7 24. Qe3 Bd7 25. Nd3 Be8 26. Nxe5 Qc7 27. f4 Rd8 28. Qc3 h6 29. Nd3 Rc8 30. Qe5 Qb6 31. Qd4 Qb8 32. Qe5 Qb7 33. Qd4 Bc6 34. e5 Qc7 35. Qd6 Qb6 36. Nd4 Rd8 37. Qxc6 Qxd4+ 38. Kc2 Qe3 39. Qc7 Rf8 40. Qc5 Qxg3 41. Qf2 Qg4 42. Kb2 h5 43. Ne1 h4 44. Be2 Qg3 45. Qxg3 hxg3 46. Kc3 Rd8 47. Bd3 Kf8 48. Ng2 Ke7 49. Be4 Rb8 50. Kc2 Rb4 51. Bf3 f6 52. Kc3 fxe5 53. fxe5 g5 54.
Kc2 g4 55. Be2 Re4 56. Kd3 Rxe5 57. Bxg4 Rb5 58. Kc3 Kd6 59. Bf3 Ke5 60. Ba8 Rc5+ 61. Kd3 Rc1 62. Kd2 Rb1 63. Kc2 Rf1 64. Kd2 Rf2+ 65.
Kd3 Kd6 66. Be4 Kc5 67. Kc3 Re2 68. Kd3 Ra2 69. Kc3 Ra3 70. Nf4 a4 71. Nxe6+ Kd6 72. Nd4 Ke5 73. Bb7 axb3 74. Nxb3 Ra7 75. Bg2 Ra2 76.
Bb7 Ra3 77. Bc6 Kf4 78. Bb7 Ra7 79. Bd5 Rc7+ 80. Kb4 Rd7 81. Bc6 Rd6 82. Ba8 Rd3 83.
Kc4 Rf3 84. Nd4 Ra3 85. Bd5 Ke3 86. Nf5+ Kf2 87. Nxg3 Kxg3 88. Kb4 Re3 89. Bc4 Kf4 90. Bb3 Ke5 91. Ka3 Kd4 92. Ka2 Kc3 93. Bg8 Re2+ 94.
Ka1 Kc2 95. Bh7+ Kc1 96. Bb1 Rb2 97. Bg6 Rb4 98. Bf7 Ra4+ 99. Ba2 Rh4 100. Bf7 Rf4 101. Ba2 Rf1 102. Bc4 Re1 103. Bg8 Kc2+ 104. Ka2 Kc3 105. Bd5 Re5 106. Bg8 Rb5 107. Ka1 Rb4 108. Bf7 Rb6 109. Bg8 Rb7 110. Be6 Rb8 111. Bf7 Kc2 112. Be6 Re8 113. Ba2 Re1+ 0-1

[Event "Late-Titled-Tuesday-Blitz-June-25-2024"]
[Site "Chess.com"]
[Date "2024.06.25"]
[Round "4"]
[White "BerlinDrawer"]
[Black "glebus008"]
[Result "0-1"]
[WhiteElo "2627"]
[BlackElo "2419"]
[TimeControl "180+1"]
[EndTime "14:40:11 PDT"]
[Termination "glebus008 won by resignation"]

1. a3 e5 2. c4 c6 3. Nf3 e4 4. Nd4 d5 5. cxd5 cxd5 6. d3 Nf6 7. Nc3 Bc5 8. Nb3 Bb6 9. dxe4 d4 10.
Na4 Nc6 11. Nxb6 Qxb6 12. e3 Nxe4 13. Nxd4 Nxd4 14. Qxd4 Qxd4 15. exd4 Bf5 16. Bb5+ Ke7 17. f3 Nd6 18. Be2 Rac8 19. Bd2 Rc2 20. Bc3 Kd7 21.
Kd1 Re8 22. Re1 a6 23. Rc1 Rxc1+ 24. Kxc1 Bd3 25. Kd2 Bxe2 26. Rxe2 Nc4+ 27. Kd3 Rxe2 28. Kxe2 g6 29. a4 b5 30. axb5 axb5 31. b3 Nb6 32.
Kd3 f5 33. Bd2 Nd5 34. g3 h5 35. h3 Ke6 36. g4 Kf7 37. gxh5 gxh5 38. Kc2 Ke6 39. Kd3 Kf7 40. Bg5 Ke6 41. Bh6 Kf7 42. Bd2 Ke6 43. Ke2 Kf7 44. Kf2 Kf6 45. Kg3 Kg6 46.
Kh4 Ne7 47. Bf4 Nd5 48. Be5 Ne3 49. Kg3 Nd5 50. Kf2 Kf7 51. Ke2 Kg6 52. h4 Kf7 53. Kd3 Ke6 54. Kc2 Kf7 55. Kb2 Ke6 56. Kc2 Kd7 57.
Kd2 Ke6 58. Kd3 Kf7 59. Bg3 Ke6 60. Kd2 Ne7 61. Bf4 Nd5 62. Bg5 Nc7 63. Kd3 Nd5 64. Bd2 Kd6 65. Kc2 Ke6 66. Kd1 Kf6 67. Ke2 Ke6 68. Kf2 Kf6 69. Kg3 Ke6 70. Bg5 Kd6 71.
Bd8 Ke6 72. Ba5 Kd7 73. Bd2 Ke6 74. Kf2 Kd7 75. Ke2 Ke6 76. Kd3 Kd7 77. Kc2 Ke6 78.
Kb2 Kd6 79. Ka3 Kc6 80. Bb4 Kd7 81. Bf8 Ke6 82. Bg7 Kf7 83. Be5 Ke6 84. Ka2 Kd7 85. Kb2 Kc6 86. Kc2 Kd7 87. Kd3 Ke6 88. f4 Kd7 89. Kc2 Kc6 90. Kb2 Ne7 91. Kc3 Kd5 92. Kd3 Ng6 93. Ke3 Nxh4 94. Bf6 Ng6 95. Be5 Nf8 96.
Bf6 Ne6 97. Be5 h4 98. Bf6 h3 99. Kf3 Nxd4+ 100. Kg3 Nxb3 101. Kxh3 Nc5 102. Kh4 b4 103. Bb2 Nd3 104. Ba1 b3 105. Kg5 Ke4 106. Bc3 b2 107. Bxb2 Nxb2 0-1

[Event "Late-Titled-Tuesday-Blitz-June-25-2024"]
[Site "Chess.com"]
[Date "2024.06.25"]
[Round "4"]
[White "ChadBiryani"]
[Black "Cosi43"]
[Result "0-1"]
[WhiteElo "2519"]
[BlackElo "2702"]
[TimeControl "180+1"]
[EndTime "14:41:04 PDT"]
[Termination "Cosi43 won on time"]

1. c4 e5 2. g3 Nf6 3. Bg2 g6 4. Nc3 Bg7 5. Nf3 O-O 6. O-O d6 7. d4 exd4 8. Nxd4 Re8 9. e4 Nbd7 10. h3 Ne5 11. b3 h6 12. Be3 c6 13. f4 Ned7 14.
Qc2 Nc5 15. Rae1 Bd7 16. g4 a5 17. a3 Nh7 18. Bf2 Ne6 19. Nce2 Nxd4 20. Bxd4 Nf6 21.
Ng3 d5 22. e5 Nh7 23. cxd5 cxd5 24. Rd1 Bc6 25. Rfe1 Nf8 26. f5 Qh4 27. Qf2 h5 28.
Qf4 Kh7 29. Rf1 Bh6 30. Qf3 hxg4 31. hxg4 Re7 32. e6 fxe6 33. fxg6+ Nxg6 34. Bf6 Bg5 35. Bxe7 Bxe7 36. Qf7+ Kh6 37. Qxe6 Bc5+ 38. Rf2 Qxg3 39. g5+ Kxg5 40. Qf6+ Kh6 41. Qf3 Qxf2+ 42. Qxf2 Bxf2+ 43. Kxf2 Rf8+ 44. Ke3 d4+ 45. Kxd4 Bxg2 46. Kc5 Bc6 47. b4 axb4 48. axb4 Rf5+ 49. Kc4 Ne5+ 50. Kd4 Nd7 51. Rg1 Rg5 52. Rf1 Kg6 53. Kc3 Rg4 54. Re1 Kf6 55. Rf1+ Ke6 56. Re1+ Ne5 57. Kb3 Rxb4+ 58. Kxb4 Kd5 59.
Rd1+ Ke6 60. Kc5 Nd7+ 61. Kc4 Ke7 62. Re1+ Kd8 63. Kb4 Kc7 64. Rc1 b6 65. Rc3 Kb7 66.
Rh3 Kc7 67. Rh7 Kd6 68. Rh6+ Kc7 69. Rh7 Bd5 70. Rg7 Be4 71. Re7 Bd3 72. Rg7 Kd6 73.
Rg3 Be4 74. Rg1 Nc5 75. Kb5 Nd7 76. Rd1+ Bd5 77. Rd2 Ke6 78. Re2+ Kd6 79. Rd2 Ke5 80. Re2+ Be4 81. Re1 Kd4 82. Rd1+ Bd3+ 83. Kb4 Nc5 84.
Rh1 Na6+ 85. Kb3 Kc5 86. Rh5+ Kc6 87. Rh6+ Kb7 88. Rd6 Bb5 89. Rh6 Nc7 90. Rh7 Bc6 91. Rg7 b5 92. Kb4 Kb6 93. Rg6 Na6+ 94. Kb3 Nc5+ 95. Kb4 Nd3+ 96. Kc3 Ne5 97. Rh6 Nd7 98. Kb4 Ne5 99. Kb3 Kc5 100. Rh5 Kd4 101. Kb4 Kd5 102. Kb3 Kd6 103. Kb4 Kd5 104. Kb3 Bd7 105. Kb4 Kd6 106.
Rh6+ Kc7 107. Kc5 Nd3+ 108. Kd4 Nf4 109. Kc5 Nd3+ 110. Kd4 Nb2 111. Kc3 Na4+ 112. Kb4 Nb6 113. Rh7 Kc6 114. Rh6+ Kb7 115. Rh7 Ka6 116. Kc5 Na4+ 117. Kb4 Bc6 118. Rh6 Kb6 119. Rg6 Nb2 120. Rh6 Nd3+ 121. Kc3 Nc5 122. Kb4 Na6+ 123. Kc3 b4+ 124. Kb3 Kc5 125. Rh5+ Bd5+ 126. Ka4 Nc7 127. Rh4 Bc4 128. Rh5+ Nd5 129. Rh1 Nb6+ 130. Ka5 b3 131. Rb1 Be6 132. Rb2 Nc4+ 133. Ka4 Nxb2+ 134. Ka3 Nd3 135. Ka4 Kc4 136. Ka3 Kc3 0-1

[Event "Late-Titled-Tuesday-Blitz-June-25-2024"]
[Site "Chess.com"]
[Date "2024.06.25"]
[Round "5"]
[White "Cmorales2001"]
[Black "AthanasiusLefebvre"]
[Result "0-1"]
[WhiteElo "2342"]
[BlackElo "2074"]
[TimeControl "180+1"]
[EndTime "14:48:52 PDT"]
[Termination "AthanasiusLefebvre won by resignation"]

1. e4 c5 2. Nf3 e6 3. c3 d5 4.
exd5 Qxd5 5. d4 cxd4 6. cxd4 Nc6 7. Nc3 Qd8 8. Bb5 Nf6 9. O-O Be7 10. Ne5 Bd7 11. Nxc6 bxc6 12. Ba4 O-O 13. Qf3 Qb6 14. Qe4 Nxe4 0-1

[Event "Late-Titled-Tuesday-Blitz-June-25-2024"]
[Site "Chess.com"]
[Date "2024.06.25"]
[Round "5"]
[White "albayo"]
[Black "Andrey-Ivanov2011"]
[Result "1-0"]
[WhiteElo "2401"]
[BlackElo "2112"]
[TimeControl "180+1"]
[EndTime "14:49:33 PDT"]
[Termination "albayo won by resignation"]

1. Nf3 Nf6 2. g3 g6 3. Bg2 Bg7 4. O-O O-O 5. c4 c5 6. d4 cxd4 7. Nxd4 d5 8. Qc2 Nc6 9. Nxc6 bxc6 10. Rd1 Bf5 11. Qa4 Bxb1 12. Rxb1 e6 13. b3 Qb6 14.
Be3 Qb7 15. cxd5 cxd5 16. Bd4 h5 17. Bxf6 Bxf6 18. e4 d4 19. e5 Qb6 1-0

[Event "Late-Titled-Tuesday-Blitz-June-25-2024"]
[Site "Chess.com"]
[Date "2024.06.25"]
[Round "5"]
[White "farzadbfd"]
[Black "Frankie_Badacsonyi"]
[Result "1-0"]
[WhiteElo "2703"]
[BlackElo "2497"]
[TimeControl "180+1"]
[EndTime "14:49:54 PDT"]
[Termination "farzadbfd won by resignation"]

1. e4 c5 2. Nc3 Nc6 3. g3 g6 4.
Bg2 Bg7 5. d3 e6 6. Be3 b6 7. Qd2 Nge7 8. Bh6 O-O 9. h4 Re8 10.
Bxg7 Kxg7 11. h5 Rh8 12. Nge2 Bb7 13. O-O-O d5 14. hxg6 fxg6 15. Nf4 Qd6 16. exd5 exd5 17. Nfxd5 Nxd5 18. Qh6+ Kf6 19. Ne4+ 1-0

[Event "Late-Titled-Tuesday-Blitz-June-25-2024"]
[Site "Chess.com"]
[Date "2024.06.25"]
[Round "5"]
[White "ritanovikova"]
[Black "giomar27"]
[Result "1-0"]
[WhiteElo "2258"]
[BlackElo "2428"]
[TimeControl "180+1"]
[EndTime "14:50:20 PDT"]
[Termination "ritanovikova won by resignation"]

1. e4 f6 2. d4 g6 3. Nf3 Nh6 4. Bc4 e6 5. Nc3 Nf7 6. d5 Bg7 7. dxe6 dxe6 8. Qxd8+ Kxd8 9. Bf4 Nd6 10. Bxd6 cxd6 11. O-O-O Ke7 12. Nb5 Na6 13. Nxd6 Bd7 14. Nxb7 Nc7 15. Nc5 Bc6 16. Rhe1 Rab8 17. Bb3 a5 18. Nd4 e5 19. Nxc6+ 1-0

[Event "Late-Titled-Tuesday-Blitz-June-25-2024"]
[Site "Chess.com"]
[Date "2024.06.25"]
[Round "5"]
[White "Supergiuly"]
[Black "Orest_Vovk"]
[Result "0-1"]
[WhiteElo "2359"]
[BlackElo "2551"]
[TimeControl "180+1"]
[EndTime "14:50:23 PDT"]
[Termination "Orest_Vovk won by resignation"]

1. e4 Nf6 2. Nc3 d5 3. exd5 Nxd5 4. Bc4 Be6 5. Qf3 c6 6. Nge2 Nc7 7. Bxe6 Nxe6 8. O-O Nd7 9. d4 Nf6 10. Be3 Nc7 11. Rad1 Ncd5 12. Nxd5 Qxd5 13. Qxd5 cxd5 14. Bf4 e6 15. Nc3 Rc8 16. Rd2 Bb4 17. Rd3 Bxc3 18. bxc3 Ne4 19. Rb1 b6 20. Rb3 Kd7 21. f3 Nd6 22. Ra3 a5 23. Rb3 Nc4 24. Bg3 Rc6 25. Rb1 Na3 26. Rb2 Rhc8 27. Be1 Kc7 28.
Kf2 Kb7 29. Ke3 Nc4+ 0-1